 Dungeon Crawl Stone Soup version 0.32-a0-468-g38b2580584 (webtiles) character file.

Game seed: 7252604762091326455

210000 Strat the Warrior (level 18, -6/178 HPs)
             Began as a Mountain Dwarf Fighter on Feb 23, 2024.
             Was a High Priest of Okawaru.
             Mangled by Arachne
             ... wielding a staff of alchemy
              (20 damage)
             ... on level 4 of the Spider Nest on Feb 24, 2024.
             The game lasted 01:32:59 (46550 turns).

Strat the Warrior (Mountain Dwarf Fighter)         Turns: 46550, Time: 01:33:00

Health: -6/178     AC: 37    Str: 31    XL:     18   Next: 17%
Magic:  30/34      EV: 10    Int: 14    God:    Okawaru [*****.]
Gold:   5611       SH:  5    Dex: 12    Spells: 12/27 levels left

rFire   + . .        b - +0 broad axe (freeze)
rCold   + . .        c - +0 buckler
rNeg    . . .        D - +10 plate armour of Messievu {rC+ MP+9}
rPois   +            K - +0 helmet
rElec   +            (no cloak)
rCorr   +            w - +2 pair of gloves {Dex+3}
SInv    +            B - +0 pair of boots
Will    +....        e - amulet of Lasilag {Faith ^Fragile rF+ Str+6} Stlth
                     Y - ring of Voxtinn {rElec SInv}
HPRegen 0.49/turn    W - ring "Haboed" {rPois rCorr AC+4 Str+3}
MPRegen 0.24/turn

%: faith
@: lethally poisoned (-6 -> -7), finesse-ful
A: runic magic, artefact enchanting
}: 1/15 runes: decaying
a: Renounce Religion, Heroism, Finesse, Duel


You were on level 4 of the Spider Nest.
You worshipped Okawaru.
Okawaru was extremely pleased with you.
You visited 6 branches of the dungeon, and saw 31 of its levels.
You also visited: Bailey, Gauntlet and Ice Cave.

You collected 5611 gold pieces.

Inventory:

Hand Weapons
 a - the +3 war axe of the Imbibing Shark {flame, rC++}
   (You found it on level 6 of the Dungeon)

   rC++:      It greatly protects you from cold.
 b - a +0 broad axe of freezing (weapon)
 g - a +3 broad axe of chaos
Missiles
 f - 6 silver javelins
 m - a curare-tipped dart
 x - 29 javelins (quivered)
 A - 2 throwing nets
 E - 10 atropa-tipped darts
 P - 5 darts of dispersal
Armour
 c - a +0 buckler (worn)
 w - a +2 pair of gloves of dexterity (worn)
 B - a +0 pair of boots (worn)
 D - the +10 plate armour of Messievu (worn) {rC+ MP+9}
   (Okawaru gifted it to you on level 12 of the Dungeon)

   rC+:       It protects you from cold.
   MP+9:      It affects your magic capacity (+9).
 K - a +0 helmet (worn)
Jewellery
 e - the amulet of Lasilag (around neck) {Faith ^Fragile rF+ Str+6}
   (You found it in a Gauntlet)

   [amulet of faith]

   Faith:     It allows you to gain divine favour quickly.
   Str+6:     It affects your strength (+6).
   rF+:       It protects you from fire.
   ^Fragile:  It will be destroyed if unequipped.
 C - a ring of fire
 H - a ring of positive energy
 R - a ring of protection from fire
 V - a ring of flight
 W - the ring "Haboed" (right hand) {rPois rCorr AC+4 Str+3}
   (You found it on level 5 of the Lair of Beasts)

   [ring of protection]

   AC+4:      It affects your AC (+4).
   Str+3:     It affects your strength (+3).
   rPois:     It protects you from poison rCorr: It protects you from acid and
   corrosion.
 Y - the ring of Voxtinn (left hand) {rElec SInv}
   (You took it off a minotaur in a Gauntlet)

   [ring of see invisible]

   rElec:     It insulates you from electricity.
   SInv:      It lets you see invisible.
Wands
 y - a wand of roots (10)
 L - a wand of digging (19)
 Q - a wand of quicksilver (4)
 U - a wand of flame (66)
Scrolls
 h - 3 scrolls of poison
 j - 2 scrolls of blinking
 l - 7 scrolls of teleportation
 p - 3 scrolls of enchant weapon
 q - 4 scrolls of revelation
 z - 2 scrolls of fog
 F - 2 scrolls of amnesia
 G - a scroll of vulnerability
 I - 2 scrolls of torment
 J - 3 scrolls of silence
 X - a scroll of immolation
 Z - a scroll of fear
Potions
 d - 4 potions of might
 i - 2 potions of invisibility
 k - 7 potions of berserk rage
 n - 5 potions of enlightenment
 o - 7 potions of brilliance
 r - 2 potions of cancellation
 t - a potion of lignification
 u - 4 potions of ambrosia
 v - 5 potions of magic
 N - a potion of mutation
 T - 2 potions of resistance
Miscellaneous
 S - a lightning rod (4/4)


   Skills:
 - Level 20.0 Fighting
 - Level 18.0 Axes
 + Level 6.4 Throwing
 + Level 13.6 Armour
 - Level 7.0 Dodging
 - Level 5.0 Shields
 - Level 5.0 Spellcasting
 - Level 3.0 Conjurations
 - Level 5.0 Translocations
 - Level 4.0 Fire Magic
 - Level 11.0 Alchemy
 - Level 10.0 Invocations


You had 12 spell levels left.
You knew the following spells:

 Your Spells              Type           Power      Damage    Failure   Level
a - Apportation           Tloc           34%        N/A       3%          1
b - Alistair's Intoxicat  Alch           22%        N/A       9%          5
c - Mercury Vapours       Alch/Air       36%        N/A       4%          2
d - Mephitic Cloud        Conj/Alch/Air  16%        N/A       14%         3
e - Sticky Flame          Fire/Alch      24%        2d6       14%         4

Your spell library contained the following spells:

 Spells                   Type           Power      Damage    Failure   Level
 Sting                    Conj/Alch      92%        1d8       1%          1
 Volatile Blastmotes      Fire/Tloc      32%        2d12      14%         3
 Ignite Poison            Fire/Alch      24%        N/A       14%         4
 Kiss of Death            Conj/Necr      28%        2d7       16%         1
 Fulminant Prism          Conj/Alch      11%        3d9       17%         4
 Freeze                   Ice            12%        1d3       30%         1
 Necrotise                Necr           12%        1d4       30%         1
 Inner Flame              Hex/Fire       9%         N/A       36%         3
 Ensorcelled Hibernation  Hex/Ice        6%         N/A       41%         2
 Jinxbite                 Hex            6%         N/A       41%         2
 Hailstorm                Conj/Ice       7%         3d5       43%         3
 Eringya's Noxious Bog    Alch           17%        4d6       45%         6
 Iskenderun's Mystic Bla  Conj/Tloc      14%        2d5       50%         4
 Flame Wave               Conj/Fire      13%        2d6       56%         4
 Confusing Touch          Hex            3%         N/A       65%         3
 Frozen Ramparts          Ice            6%         1d1       65%         3
 Passwall                 Erth           3%         N/A       65%         3
 Sigil of Binding         Hex            3%         N/A       65%         3
 Swiftness                Air            3%         N/A       65%         3
 Dimensional Bullseye     Hex/Tloc       5%         N/A       71%         4
 Vhi's Electric Charge    Tloc/Air       20%        N/A       71%         4
 Anguish                  Hex/Necr       1%         N/A       96%         4
 Cause Fear               Hex            1%         N/A       96%         4
 Dispel Undead            Necr           3%         3d7       96%         4
 Freezing Cloud           Conj/Ice/Air   3%         6-21      99%         5
 Borgnjor's Vile Clutch   Necr/Erth      1%         N/A       100%        5
 Enfeeble                 Hex            1%         N/A       100%        7
 Ignition                 Fire           7%         3d4       100%        8
 Summon Small Mammal      Summ           Unusable   N/A       N/A         1
 Call Canine Familiar     Summ           Unusable   N/A       N/A         3
 Martyr's Knell           Necr/Summ      Unusable   N/A       N/A         4
 Summon Lightning Spire   Summ/Air       Unusable   N/A       N/A         4
 Summon Hydra             Summ           Unusable   N/A       N/A         7

Dungeon Overview and Level Annotations

Branches:
Dungeon (15/15)            Temple (1/1) D:5            Lair (5/5) D:8
  Swamp (4/4) Lair:3       Spider (4/4) Lair:2        Slime (0/5) Lair:4
    Orc (2/2) D:11            Elf (0/3) Orc:2        Vaults (0/5) D:13
 Depths (0/4) D:15         Bailey (visited)           IceCv (visited)
Gauntlet (visited)

Altars:
Ashenzari
Cheibriados
Dithmenos
Elyvilon
Fedhas
Gozag
Hepliaklqana
Kikubaaqudgha
Makhleb
Nemelex Xobeh
Okawaru
Qazlal
Ru
Sif Muna
Trog
Uskayaw
Vehumet
Wu Jian
Xom
Yredelemnul
Zin
The Shining One
Beogh

Shops:
D:11 (   D:13 [=:   Orc:2 [*(:

Portals:
Abyss: D:3
Trove: D:13 (give 2 scrolls of acquirement)

Annotations:
D:3 3 transporters, ezpacito's ghost, amateur DsCK
D:7 1 runed translucent door, adelrune's ghost, novice AtFi
Spider:4 Arachne


Innate Abilities, Weirdness & Mutations

Your spellcasting is much less encumbered by armour.
You can use scrolls of enchantment on lesser artefacts.


Message History

The stream of webbing hits you but does no damage.
You are caught in a web!
The redback bites you but does no damage.
The redback barely misses you.
Arachne points her staff at you, shooting a stream of webbing.
The stream of webbing hits you but does no damage.
You are even more entangled.
The web tears apart.
The redback bites you but does no damage.
Arachne says, "Come closer, little fly."
Arachne casts a spell.
Arachne blinks!
The redback closely misses you.
Arachne stares at you and mumbles some strange words.
The bolt of poison hits you. You resist.
* * * LOW HITPOINT WARNING * * *
Arachne's staff shoots out a stream of webbing.
The stream of webbing hits you but does no damage.
You are caught in a web!
There is a web here.
The web tears apart.
The redback bites you!
* * * LOW HITPOINT WARNING * * *
Arachne hits you with a staff of alchemy!
* * * LOW HITPOINT WARNING * * *
Arachne envenoms you!
* * * LOW HITPOINT WARNING * * *
Unknown command.
You feel better.
The redback bites you but does no damage.
Arachne points her staff at you, shooting a stream of webbing.
The stream of webbing hits you but does no damage.
You are caught in a web!
The redback bites you but does no damage.
The web tears apart.
Arachne hits you but does no damage. Arachne envenoms you.
* * * LOW HITPOINT WARNING * * *
You are poisoned.
The redback barely misses you.
Arachne hits you with a staff of alchemy!!
You die...
Arachne says, "All wrapped up."

..#.####..#####^.######^.#
#~..## #.###
##..#..###..^.##..##
#.^~~# ###
#....#^#.#....###..#
#..†.s #
####^#...###....####
##~... #
###....#.....#.### ##.~.
###..^#..####...^.^# ###~
##.##..#...^##.#....# ##
#.....###.H#####....## ##
#.......#.@#.####.^..# ##~
###.#...#..s.#.#.....#
##^^
###^.###.....##.^..###~..
##..#....#...##...'...§.
####
##..##..#.#†<.##...'...~.
####..#
#..^^########..†^..'..^##
#.#...# ####...#
#..#^....^###.##
..#..######...##
##...#....# ##~~
#.^..#...#^.### ##^.##...#
#..


You could see Arachne and a redback.

Vanquished Creatures
  Bai Suzhen (Swamp:3)
  Nikola (Swamp:2)
  A tentacled monstrosity (Swamp:4)
  An acid blob (Spider:1)
  3 thorn hunters
  Louise (Spider:2)
  2 emperor scorpions
  2 ghost moths
  An orc warlord (Orc:1)
  2 ghouls
  A broodmother (Spider:2)
  4 eleionomae
  A minotaur (Gauntlet)
  2 spark wasps (Spider:4)
  Snorg (D:11)
  5 bunyips
  5 entropy weavers
  A shambling mangrove (Swamp:3)
  2 rakshasas (D:15)
  A great orb of eyes (D:15)
  2 ghost crabs (Swamp:3)
  Erica (D:8)
  A jorogumo (Spider:3)
  3 centaur warriors
  A vault guard (D:13)
  18 hydras
  2 death knights
  2 ogre magi (D:15)
  6 catoblepae
  7 alligators
  A radroach (Spider:3)
  9 two-headed ogres
  10 death yaks
  A boulder beetle (D:12)
  An orc high priest (Orc:2)
  5 demonic crawlers
  Nergalle (D:11)
  2 skysharks
  13 pharaoh ants
  5 spriggan druids
  4 sun moths
  6 goliath frogs
  10 orb spiders
  A flayed ghost (Swamp:3)
  7 swamp dragons
  A phantasmal warrior (D:14)
  A lindwurm (Lair:2)
  5 spectral hydras (Swamp:4)
  5 orc knights (Orc:2)
  2 deep elf pyromancers
  15 wolf spiders
  9 steelbarb worms
  8 ugly things
  4 oklob plants
  4 will-o-the-wisps
  15 elephants
  4 manticores
  7 cyclopes
  2 moths of wrath (Spider:2)
  12 meliai
  An orc sorcerer (Orc:2)
  A black mamba (shapeshifter) (D:14)
  Joseph (D:8)
  3 gargoyles
  3 kobold blastminers (Orc:2)
  9 cane toads
  6 black mambas
  11 torpor snails
  A water nymph (shapeshifter) (D:15)
  An ice statue (IceCv)
  10 komodo dragons
  A rime drake (Lair:4)
  An ice devil (Gauntlet)
  11 trolls
  Psyche (D:9)
  6 yaktaurs (D:15)
  6 polar bears
  3 hydra zombies (Swamp:4)
  12 tyrant leeches
  A queen bee (shapeshifter) (D:14)
  3 hydra skeletons (Swamp:4)
  A polar bear (shapeshifter) (D:13)
  5 blink frogs (Lair:2)
  29 tarantellas
  2 hornets
  A raiju (shapeshifter) (D:11)
  8 slime creatures
  21 jumping spiders
  A shadow (D:12)
  A centaur simulacrum (D:15)
  A spriggan (Swamp:3)
  3 wraiths
  A water elemental (D:12)
  97 yaks
  22 culicivoras
  3 wargs
  6 wyverns
  2 steam dragons (Lair:2)
  7 basilisks
  A fire elemental (D:12)
  50 redbacks
  10 swamp worms
  15 vampire mosquitoes
  8 acid dragons
  12 water moccasins
  2 sky beasts
  3 ice beasts
  19 orc warriors
  3 swamp drakes (Swamp:4)
  2 laughing skulls (Gauntlet)
  A wolf (shapeshifter) (D:14)
  30 wolves
  A swamp dragon zombie (Swamp:4)
  13 ogres
  2 boggarts (D:9)
  12 centaurs
  A swamp dragon skeleton (Swamp:4)
  4 kobold brigands
  A phantom (D:5)
  A gnoll sergeant (D:9)
  11 bullfrogs
  2 scorpions (Lair:2)
  3 killer bees (D:9)
  2 electric eels (D:12)
  10 howler monkeys
  4 hounds
  4 bombardier beetles
  A jelly (D:7)
  2 gnoll boudas
  8 orc priests
  2 sleepcaps
  10 orc wizards
  3 iguanas
  13 gnolls
  7 adders
  2 shadow imps
  5 white imps
  2 ufetubi (D:6)
  3 dart slugs
  3 ribbon worms
  40 orcs
  6 endoplasms
  3 giant cockroaches
  17 goblins
  16 hobgoblins
  5 jackals
  2 quokkas
  5 ball pythons
  6 bats
  2 frilled lizards (D:2)
  30 kobolds
  9 rats
983 creatures vanquished.

Vanquished Creatures (others)
  An eleionoma (Swamp:4)
  A bog body (Swamp:3)
  2 bloated husks
  An orc (Orc:2)
  A kobold (D:9)
  24 foxfires
30 creatures vanquished.

Grand Total: 1013 creatures vanquished

Notes
Turn   | Place    | Note
-------+----------+-------------------------------------------
     0 | D:1      | Strat the Mountain Dwarf Fighter began the quest for the
                  | Orb.
     0 | D:1      | Reached XP level 1. HP: 19/19 MP: 1/1
   449 | D:1      | Reached XP level 2. HP: 26/26 MP: 2/2
   911 | D:2      | Reached XP level 3. HP: 31/31 MP: 3/3
  1067 | D:2      | Reached skill level 5 in Axes
  1227 | D:2      | Found a faded altar of an unknown god.
  1360 | D:3      | Reached XP level 4. HP: 38/38 MP: 4/4
  1401 | D:3      | Identified the +0 chain mail of Uskayaw's Esteem {Dex+6}
  1670 | D:3      | Reached XP level 5. HP: 14/45 MP: 5/5
  1970 | D:3      | Noticed a small abomination
  1970 | D:3      | Noticed a small abomination
  1971 | D:3      | Noticed ezpacito's ghost (amateur DsCK)
  1972 | D:3      | Found a one-way gate to the infinite horrors of the Abyss.
  2045 | D:3      | Found a transporter.
  2053 | D:3      | Noticed a kobold demonologist
  2095 | D:3      | Found a transporter.
  2136 | D:3      | Found a transporter.
  2136 | D:3      | Noticed a small abomination
  2147 | D:3      | Found a transporter.
  2726 | D:3      | Reached skill level 7 in Fighting
  2726 | D:3      | Reached XP level 6. HP: 60/60 MP: 6/6
  2728 | D:3      | Identified a scroll of acquirement
  2728 | D:3      | Acquired 794 gold pieces
  3011 | D:4      | Found a burning altar of Makhleb.
  3536 | D:5      | Entered Level 5 of the Dungeon
  3538 | D:5      | Acquired 1112 gold pieces
  3652 | D:5      | Reached XP level 7. HP: 66/66 MP: 7/7
  3732 | D:5      | Found a staircase to the Ecumenical Temple.
  3750 | Temple   | Entered the Ecumenical Temple
  3771 | Temple   | Became a worshipper of Warmaster Okawaru
  3997 | D:5      | Found a sacrificial altar of Ru.
  4269 | D:5      | Found an ornate altar of the Wu Jian Council.
  4304 | D:6      | Identified the +3 war axe of the Imbibing Shark {flame,
                  | rC++}
  4447 | D:6      | Reached skill level 8 in Fighting
  4447 | D:6      | Reached XP level 8. HP: 42/74 MP: 8/8
  4465 | D:6      | Reached * piety under Okawaru
  4750 | D:6      | Found a basalt altar of Yredelemnul.
  4770 | D:6      | Learned a level 1 spell: Apportation
  4776 | D:6      | Learned a level 5 spell: Alistair's Intoxication
  5091 | D:6      | Found a snail-covered altar of Cheibriados.
  5298 | D:7      | Found a runed translucent door.
  5346 | D:7      | Reached ** piety under Okawaru
  5790 | D:7      | Found a shimmering altar of Xom.
  5790 | D:7      | Noticed adelrune's ghost (novice AtFi)
  5791 | D:7      | Noticed a +0 hand axe of chaos
  5822 | D:7      | Reached XP level 9. HP: 81/82 MP: 9/9
  6019 | D:8      | Noticed Joseph
  6380 | D:7      | Reached *** piety under Okawaru
  6501 | D:8      | Noticed a two-headed ogre
  6520 | D:8      | Killed a two-headed ogre
  6521 | D:8      | Reached skill level 9 in Fighting
  6622 | D:8      | Found a staircase to the Lair.
  6721 | D:8      | Reached **** piety under Okawaru
  6732 | D:8      | Reached XP level 10. HP: 69/91 MP: 10/10
  7107 | D:8      | Noticed Erica
  7468 | D:8      | Killed Joseph
  7570 | D:8      | Killed Erica
  8068 | D:9      | Found a flagged portal.
  8119 | Bailey   | Entered a bailey
  8401 | D:9      | Reached ***** piety under Okawaru
  8451 | D:9      | Reached skill level 15 in Axes
  8698 | D:9      | Found a sparkling altar of Nemelex Xobeh.
  9357 | D:9      | Found a bloodstained altar of Trog.
  9429 | D:9      | Noticed a two-headed ogre
  9444 | D:9      | Killed a two-headed ogre
  9444 | D:9      | Received a gift from Okawaru
  9445 | D:9      | Reached skill level 10 in Fighting
  9463 | D:9      | Noticed a two-headed ogre
  9480 | D:9      | Killed a two-headed ogre
  9481 | D:9      | Reached skill level 10 in Armour
  9613 | D:10     | Entered Level 10 of the Dungeon
  9641 | D:10     | Reached XP level 11. HP: 99/99 MP: 11/11
  9673 | D:10     | Reached skill level 1 in Invocations
 10182 | D:10     | Noticed Psyche
 10214 | D:9      | Paralysed by something for 1 turns
 10221 | D:9      | Killed Psyche
 10222 | D:9      | Reached skill level 5 in Invocations
 10585 | D:11     | Found a staircase to the Orcish Mines.
 10589 | D:11     | Found Bagoaroa's Weapon Shoppe.
 10916 | D:11     | Received a gift from Okawaru
 11045 | D:11     | Noticed Snorg
 11066 | D:11     | Killed Snorg
 11599 | D:11     | Noticed a green ugly thing
 11625 | D:11     | Killed a green ugly thing
 11742 | D:11     | Reached skill level 10 in Invocations
 12167 | D:12     | Reached ****** piety under Okawaru
 12167 | D:12     | Received a gift from Okawaru
 12168 | D:12     | Reached skill level 1 in Translocations
 12168 | D:12     | Reached skill level 1 in Alchemy
 12221 | D:12     | Acquired a +0 broad axe of freezing
 12221 | D:12     | Received a gift from Okawaru
 12224 | D:12     | Acquired the +7 plate armour of Messievu {rC+ MP+9}
 12224 | D:12     | Received a gift from Okawaru
 12745 | D:12     | Noticed a deep elf pyromancer
 12749 | D:12     | Killed a deep elf pyromancer
 12925 | D:12     | Reached XP level 12. HP: 58/106 MP: 19/19
 13307 | D:12     | Noticed a two-headed ogre
 13320 | D:12     | Killed a two-headed ogre
 13320 | D:12     | Received a gift from Okawaru
 13857 | D:12     | Noticed a boulder beetle
 13915 | D:13     | Found a frozen archway.
 13935 | D:13     | Noticed a centaur warrior
 13944 | D:13     | Killed a centaur warrior
 13966 | D:13     | Noticed a four-headed hydra
 13982 | IceCv    | Entered an ice cave
 14096 | IceCv    | Received a gift from Okawaru
 14597 | IceCv    | Noticed a death yak
 14597 | IceCv    | Noticed a death yak
 14597 | IceCv    | Noticed a death yak
 14611 | IceCv    | Killed a death yak
 14611 | IceCv    | Received a gift from Okawaru
 14614 | IceCv    | Killed a death yak
 14615 | IceCv    | Reached skill level 11 in Fighting
 14615 | IceCv    | Killed a death yak
 14725 | IceCv    | Noticed an ironbound frostheart
 14725 | IceCv    | Noticed an ironbound frostheart
 14810 | D:12     | Killed a boulder beetle
 15004 | D:13     | Found Tuifywne's Antique Armour Emporium.
 15004 | D:13     | Found Dohaklez's Jewellery Emporium.
 15004 | D:13     | Found Gajoit's Book Emporium.
 15142 | D:13     | Found a portal to a secret trove of treasure.
 15164 | D:13     | Received a gift from Okawaru
 15176 | D:13     | Noticed a catoblepas
 15455 | Lair:1   | Entered Level 1 of the Lair of Beasts
 15488 | Lair:1   | Reached XP level 13. HP: 116/116 MP: 20/20
 16263 | Lair:1   | Reached skill level 12 in Fighting
 16408 | Lair:1   | Reached skill level 5 in Translocations
 16408 | Lair:1   | Reached skill level 5 in Alchemy
 16818 | Lair:2   | Received a gift from Okawaru
 16909 | Lair:2   | Reached skill level 1 in Dodging
 17023 | Lair:2   | You fall into a shaft and drop 2 floors!
 17933 | Lair:2   | Identified the +1 plate armour of a sewer {Dex+4}
 18179 | Lair:2   | Found a hole to the Spider Nest.
 18202 | Lair:2   | Received a gift from Okawaru
 18449 | Lair:2   | Reached skill level 13 in Fighting
 18517 | Lair:2   | Got the Vellum of Translocational Beckoning
 19492 | Lair:3   | Reached XP level 14. HP: 125/129 MP: 21/21
 19532 | Lair:3   | Received a gift from Okawaru
 19614 | Lair:3   | Found a staircase to the Swamp.
 19681 | Lair:3   | Found a snail-covered altar of Cheibriados.
 20314 | Lair:4   | Found a staircase to the Slime Pits.
 20653 | Lair:4   | Received a gift from Okawaru
 21225 | Lair:5   | Entered Level 5 of the Lair of Beasts
 21348 | Lair:5   | Reached skill level 14 in Fighting
 21461 | Lair:5   | Reached skill level 5 in Dodging
 21754 | Lair:5   | Identified the ring "Haboed" {rPois rCorr AC+4 Str+3}
 21927 | Lair:5   | Received a gift from Okawaru
 22342 | Lair:5   | Acquired 690 gold pieces
 22503 | Lair:5   | Received a gift from Okawaru
 22969 | Lair:5   | Learned a level 2 spell: Mercury Vapours
 23046 | Lair:5   | Received a gift from Okawaru
 23047 | Lair:5   | Reached skill level 1 in Spellcasting
 23298 | Lair:5   | Identified the +5 dire flail of the Hidden Vale {drain, rC+
                  | SInv}
 23654 | D:11     | Noticed Nergalle
 23674 | D:11     | Killed Nergalle
 23675 | D:11     | Reached XP level 15. HP: 112/135 MP: 22/22
 23741 | Orc:1    | Entered Level 1 of the Orcish Mines
 23978 | Orc:1    | You fall into a shaft and drop 1 floor!
 23978 | Orc:2    | Entered Level 2 of the Orcish Mines
 23978 | Orc:2    | Found a staircase to the Elven Halls.
 24117 | Orc:2    | Found a roughly hewn altar of Beogh.
 24482 | Orc:2    | Found Aleptil's Antique Armour Shoppe.
 24522 | Orc:2    | Reached skill level 15 in Fighting
 24604 | Orc:2    | Found Nolafogg's Jewellery Shoppe.
 24714 | Orc:2    | Found Qasesiyng's General Store.
 25194 | Orc:2    | Found Cenirith's Antique Weapon Boutique.
 25251 | Orc:2    | Received a gift from Okawaru
 25609 | Orc:2    | Found Bidanieb's Book Boutique.
 26822 | D:13     | Found a gate to the Vaults.
 26924 | D:14     | Identified the +0 leather armour "Yjaumel" {Regen+ Str-2
                  | Int+3}
 27078 | D:14     | Received a gift from Okawaru
 27943 | D:15     | Entered Level 15 of the Dungeon
 27985 | D:15     | Found a gate leading to a gauntlet.
 27990 | Gauntlet | Entered a Gauntlet
 27990 | Gauntlet | Found a transporter.
 28000 | Gauntlet | Found a transporter.
 28005 | Gauntlet | Found a runed translucent door.
 28007 | Gauntlet | Found a runed translucent door.
 28009 | Gauntlet | Found a transporter.
 28012 | Gauntlet | Found a transporter.
 28022 | Gauntlet | Found a transporter.
 28038 | Gauntlet | Found a transporter.
 28049 | Gauntlet | Found a transporter.
 28123 | Gauntlet | Found a transporter.
 28125 | Gauntlet | Found a transporter.
 28142 | Gauntlet | Found a transporter.
 28143 | Gauntlet | Found a transporter.
 28154 | Gauntlet | Found a transporter.
 28269 | Gauntlet | Found a transporter.
 28341 | Gauntlet | Identified the amulet of the Middle {Faith rF+ Stlth+}
 28484 | Gauntlet | Identified the +5 scale mail of the Bard {Regen+ MP+9
                  | Stlth+}
 28484 | Gauntlet | Identified the ring of Voxtinn {rElec SInv}
 28592 | Gauntlet | Identified the amulet of Lasilag {Faith ^Fragile rF+ Str+6}
 29704 | D:15     | Reached skill level 16 in Fighting
 29962 | D:15     | Found a staircase to the Depths.
 30107 | D:15     | Reached skill level 5 in Spellcasting
 30107 | D:15     | Reached skill level 10 in Alchemy
 30816 | D:13     | Reached XP level 16. HP: 152/152 MP: 23/23
 31050 | Swamp:1  | Entered Level 1 of the Swamp
 31222 | Swamp:1  | Learned a level 3 spell: Mephitic Cloud
 31227 | Swamp:1  | Learned a level 4 spell: Sticky Flame
 31412 | Swamp:1  | Reached skill level 1 in Fire Magic
 31444 | Swamp:1  | Reached skill level 1 in Conjurations
 31533 | Swamp:1  | You fall into a shaft and drop 1 floor!
 31544 | Swamp:2  | Received a gift from Okawaru
 31993 | Swamp:2  | Found an ornate altar of the Wu Jian Council.
 32932 | Swamp:3  | Noticed Bai Suzhen
 33265 | Swamp:2  | Received a gift from Okawaru
 33535 | Swamp:3  | Noticed Nikola
 33572 | Swamp:2  | Killed Nikola
 33809 | Swamp:2  | Reached skill level 17 in Fighting
 34525 | Swamp:3  | Killed Bai Suzhen
 34924 | Swamp:4  | Entered Level 4 of the Swamp
 34924 | Swamp:4  | Noticed a tentacled monstrosity
 34971 | Swamp:4  | Killed a tentacled monstrosity
 34971 | Swamp:4  | Received a gift from Okawaru
 35294 | Swamp:4  | Reached skill level 18 in Fighting
 35960 | Swamp:4  | Received a gift from Okawaru
 35963 | Swamp:4  | Noticed a thorn hunter
 36258 | Swamp:3  | Killed a thorn hunter
 36259 | Swamp:3  | Reached skill level 5 in Shields
 37007 | Swamp:4  | Noticed a thorn hunter
 37122 | Swamp:4  | Found a basalt altar of Yredelemnul.
 37141 | Swamp:4  | Got a decaying rune of Zot
 37161 | Swamp:4  | Found a blossoming altar of Fedhas.
 37162 | Swamp:4  | Noticed a thorn hunter
 37174 | Swamp:4  | Killed a thorn hunter
 37185 | Swamp:4  | Killed a thorn hunter
 37186 | Swamp:4  | Reached skill level 19 in Fighting
 37186 | Swamp:4  | Reached XP level 17. HP: 67/168 MP: 24/24
 37422 | Swamp:4  | Received a gift from Okawaru
 37984 | Spider:1 | Entered Level 1 of the Spider Nest
 37987 | Lair:2   | Upgraded the game from 0.32-a0-450-g080537f31e to
                  | 0.32-a0-468-g38b2580584
 39192 | Spider:1 | Received a gift from Okawaru
 39526 | Spider:1 | Noticed an acid blob
 39594 | Spider:1 | Killed an acid blob
 39595 | Spider:1 | Reached skill level 1 in Throwing
 40849 | Spider:2 | Reached skill level 20 in Fighting
 40933 | Spider:2 | Received a gift from Okawaru
 41045 | Spider:2 | Noticed Louise
 41068 | Spider:2 | Killed Louise
 43176 | Spider:2 | Received a gift from Okawaru
 43707 | Spider:3 | Reached skill level 5 in Throwing
 44515 | Spider:4 | Entered Level 4 of the Spider Nest
 44642 | Spider:4 | Reached XP level 18. HP: 162/178 MP: 25/25
 45558 | Spider:4 | Received a gift from Okawaru
 46112 | Spider:4 | Noticed Arachne
 46550 | Spider:4 | Mangled by Arachne

Illustrated notes

Levels and vault maps discovered:
D:1:      heliophobic_arrival_ceremonial_halls, layout_loops_corners
D:2:      layout_rooms, shapermc_ecumenical_altar_petra, minmay_pentomino_v4
D:3:      gammafunk_wand_slinger, layout_loops_corners,
          gammafunk_ghost_abyssal_escape, grunt_ministairs_6
D:4:      layout_loops_ring, mainiacjoe_overflow_boulevard, serial_bayou_lake_a
D:5:      layout_loops_cross, lemuel_coloured_pillars_altar,
          hangedman_ru_absence, minmay_temple_entry_glass
D:6:      layout_loops_ring, mainiacjoe_overflow_chevrons, slow_altar_2,
          mainiacjoe_sewer_entry_somewhere_in_here_2
D:7:      corexii_shantytown, layout_cave_pools, ebering_ghost_xom
D:8:      layout_basic, lair_entry_dummy, uniq_erica, uniq_joseph
D:9:      layout_rooms, nemelex_diamond_rough_becter, lightli_temple_of_fire,
          enter_bailey_5, nicolae_phantomly_mirrored
D:10:     layout_long_grid, uniq_psyche
D:11:     layout_irregular_city, orc_david_3, uniq_snorg, uniq_nergalle
D:12:     layout_basic
D:13:     layout_basic, david_vaults_5, enter_trove_3,
          portal_ice_cave_entry_pillars_1, nicolae_shop_distant_corner_stores
D:14:     layout_gridville
D:15:     gammafunk_enter_depths_forms, layout_stronghold,
          minmay_misc_feat_five, gauntlet_entry_generic, minmay_misc_feat_doors
Temple:   hellmonk_temple_of_storms
Lair:1:   layout_cave_pods
Lair:2:   layout_cave_pods, nicolae_spider_entry_lesser_pyramids,
          beast_lair_carwin_1
Lair:3:   layout_regular_city, swamp_mist, kennysheep_snail_temple
Lair:4:   layout_gridlike, slime_entry_1, serial_bayou_shore_b
Lair:5:   evilmike_catoblepas_cave, layout_long_grid
Swamp:1:  layout_basic_swamp, nicolae_swamp_round_clearing, swamp_pool_1_2,
          nicolae_swamp_well_well_well
Swamp:2:  layout_basic_swamp, nicolae_swamp_decorative_isthmus,
          lemuel_altar_in_water, swamp_pool_1_2, nicolae_swamp_tree_isthmus
Swamp:3:  layout_basic_swamp, evilmike_swamp_ruin_house_4,
          infiniplex_staircase_pool, uniq_nikola, uniq_bai_suzhen
Swamp:4:  byrel_swamp_growth_death_and_undeath, layout_basic_swamp
Spider:1: layout_spider_delve, nicolae_spider_acid_house
Spider:2: layout_chambers, uniq_louise
Spider:3: layout_spider_delve
Spider:4: spider_rune_water, uniq_arachne
Orc:1:    layout_diamond_mine, nicolae_orc_found_a_spring
Orc:2:    grunt_orc_gardens, layout_caves, grunt_orc_garden, grunt_orc_garden,
          grunt_orc_garden, grunt_orc_garden, serial_shops, nicolae_shop_stone,
          basic_altar

Skill      XL: |  1  2  3  4  5  6  7  8  9 10 11 12 13 14 15 16 17 18 |
---------------+-------------------------------------------------------+-----
Axes           | 3 4 5 6 11 12 13 14 15 16 18 | 18.0
Fighting       | 7 8 9 10 11 13 14 16 19 20 | 20.0
Armour         | 7 8 9 10 13 | 13.6
Invocations    | 10 | 10.0
Translocations | 1 4 5 |  5.0
Alchemy        | 1 4 6 8 10 11 | 11.0
Dodging        | 3 6 7 |  7.0
Spellcasting   | 1 5 |  5.0
Fire Magic     | 4 |  4.0
Conjurations   | 3 |  3.0
Shields        | 5 |  5.0
Throwing       | 5 6 |  6.4

Action                     |  1- 3 |  4- 6 |  7- 9 | 10-12 | 13-15 | 16-18 || total
---------------------------+-------+-------+-------+-------+-------+-------++-------
  Melee: War axe           |    97 |   113 |   235 |   444 |    80 |    32 ||  1001
         Broad axe         |       |       |       |   197 |  1480 |  1493 ||  3170
   Fire: Sling             |       |       |       |     7 |       |       ||     7
  Throw: Javelin           |       |       |       |       |       |     4 ||     4
   Cast: Apportation       |       |       |       |       |       |    10 ||    10
 Invoke: Heroism           |       |       |       |     5 |     4 |    11 ||    20
         Receive Weapon    |       |       |       |     1 |       |       ||     1
         Receive Armour    |       |       |       |     1 |       |       ||     1
         Finesse           |       |       |       |       |       |     2 ||     2
  Evoke: Wand              |       |       |       |     5 |     3 |    14 ||    22
    Use: Scroll            |       |    10 |       |    21 |    12 |     5 ||    48
         Potion            |       |     2 |       |     6 |     3 |    16 ||    27
   Stab: Invisible         |       |       |       |     6 |       |     1 ||     7
         Petrified         |       |       |       |       |     8 |       ||     8
         Petrifying        |       |       |       |       |     1 |       ||     1
 Armour: Scale mail        |    42 |     4 |       |       |       |       ||    46
         Chain mail        |       |    62 |    94 |   228 |       |       ||   384
         Plate armour      |       |       |       |   400 |  1267 |  1864 ||  3531
  Dodge: Dodged            |    51 |    23 |    40 |   185 |   416 |   744 ||  1459
  Block: Buckler           |    46 |    56 |    74 |   162 |   222 |   364 ||   924
         Reflection        |       |     8 |     5 |    11 |       |       ||    24

Table legend: (Time is in decaauts)
 A = Elapsed time spent in this place.
 B = Non-inter-level travel time spent in this place.
 C = Inter-level travel time spent in this place.
 D = Time resting spent in this place.
 E = Time spent auto-exploring this place.
 F = Levels seen in this place.
 G = Mean time per level.
                   A        B        C        D        E       F      G
               +--------+--------+--------+--------+--------+-----+--------+
         Total |  46054 |  43997 |   2057 |  12357 |  21770 |  34 | 1354.5 |
       Dungeon |  19090 |  18003 |   1087 |   3540 |  10838 |  15 | 1272.7 |
        Temple |     41 |     22 |     19 |      0 |      0 |   1 |   41.0 |
          Lair |   8268 |   7852 |    416 |   1048 |   5033 |   5 | 1653.6 |
         Swamp |   7018 |   6651 |    367 |   3345 |   1884 |   4 | 1754.5 |
   Spider Nest |   8105 |   8016 |     89 |   3148 |   3057 |   4 | 2026.2 |
  Orcish Mines |   2055 |   1979 |     76 |    584 |    749 |   2 | 1027.5 |
        Bailey |     94 |     94 |      0 |     71 |      2 |   1 |   94.0 |
      Ice Cave |    755 |    755 |      0 |    392 |    141 |   1 |  755.0 |
      Gauntlet |    624 |    624 |      0 |    227 |     64 |   1 |  624.0 |
               +--------+--------+--------+--------+--------+-----+--------+

Top non-repeatable levels by time:
Spider:2: 2755 daAuts
 Swamp:3: 2674 daAuts
Spider:3: 2423 daAuts
  Lair:5: 2200 daAuts
  Lair:2: 2173 daAuts
    D:15: 2162 daAuts
    D:12: 2136 daAuts
 Swamp:2: 1936 daAuts
     D:8: 1570 daAuts
     D:9: 1545 daAuts
 Swamp:4: 1530 daAuts
Spider:1: 1496 daAuts
    D:11: 1441 daAuts
Spider:4: 1429 daAuts
    D:13: 1421 daAuts
